 Dungeon Sprint DCSS version 0.28.0-43-g3370ac3207 (webtiles) character file.

Game seed: 16959276585609502257

468 boopmooplesden the Carver (level 6, -6/68 HPs)
             Began as a Minotaur Berserker on Mar 27, 2022.
             Was an Elder of Trog.
             Killed from afar by a deep elf pyromancer (12 damage)
             ... with a sticky flame
             ... in the Dungeon (Sprint III: "The Ten Rune Challenge").
             The game lasted 00:01:24 (469 turns).

boopmooplesden the Carver (Minotaur Berserker)       Turns: 469, Time: 00:01:25

Health: -6/68      AC:  8    Str: 22    XL:     6   Next: 81%
Magic:  5/5        EV: 13    Int:  6    God:    Trog [****..]
Gold:   33         SH:  0    Dex: 11    Spells: 5/5 levels left

rFire   . . .      SeeInvis .   a - +0 falchion
rCold   . . .      Faith    .   (no shield)
rNeg    . . .      Spirit   .   n - +0 ring mail
rPois   .          Reflect  .   (helmet restricted)
rElec   .          Harm     .   (no cloak)
rCorr   .          Rampage  .   (no gloves)
Will    +....      NoTele   +   (no boots)
Stlth   +.........              (no amulet)
HPRegen 0.21/turn               (no ring)
MPRegen 0.09/turn               (no ring)

@: on fire, on berserk cooldown, slowed, glowing, very slow
A: horns 2, retaliatory headbutt, iridescent scales 1, clever 1, strong-willed 1
a: Renounce Religion, Berserk, Trog's Hand, Brothers in Arms


You were in the Dungeon.
You worshipped Trog.
Trog was greatly pleased with you.
You visited 1 branch You collected 33 gold pieces.

Inventory:

Hand Weapons
 a - a +0 falchion (weapon)
Armour
 b - a +0 animal skin
 n - a +0 ring mail (worn)
Wands
 l - a wand of acid (3)
Scrolls
 h - a scroll of blinking
 i - 2 scrolls of holy word {unknown}
 j - 2 scrolls of identify {unknown}
Potions
 c - 2 potions of curing
 d - a potion of heal wounds
 e - a potion of haste
 f - 2 potions of magic
 g - 2 potions of berserk rage
 k - a potion of resistance {unknown}
 m - a potion of might


   Skills:
 + Level 11.0 Fighting
 + Level 11.8 Long Blades
 + Level 5.8 Armour
 + Level 5.9 Dodging
 + Level 1.3 Stealth


You had 5 spell levels left.
You didn't know any spells.
Your spell library was empty.

Dungeon Overview and Level Annotations

Branches:
Dungeon (1/1)

Altars:
Dithmenos
Elyvilon
Okawaru
Ru
Trog
Uskayaw
Wu Jian
Yredelemnul
Zin
The Shining One
Beogh


Innate Abilities, Weirdness & Mutations

You have a pair of horns on your head.
You reflexively headbutt those who attack you in melee.
You are partially covered in iridescent scales. (AC +2)
Your mind is acute. (Int +2)
You are strong-willed. (Will+)


Message History

The deep elf pyromancer shouts!
The deep elf pyromancer casts a spell.
The deep elf pyromancer blinks!
There is an open door here.
You feel your anger nearly subside.
The deep elf pyromancer casts a spell at you.
The sticky flame hits you!
You are covered in liquid flames!
There is an open door here.
You are covered in liquid flames!
You are no longer berserk.
You are exhausted.
You feel yourself slow down.
You are covered in liquid flames!
You are no longer on fire.
The deep elf pyromancer casts a spell.
The deep elf pyromancer blinks!
Aiming: Corrosive Bolt
Press: ? - help, Shift-Dir - straight line, f - deep elf pyromancer
Aim: a deep elf pyromancer, wielding a +0 long sword of holy wrath (60% to hit)
The bolt of acid misses the deep elf pyromancer.
The deep elf pyromancer points at you and mumbles some strange words.
The bolt of fire hits you!!
Aiming: Corrosive Bolt
Press: ? - help, Shift-Dir - straight line, f/p - deep elf pyromancer
Aim: a deep elf pyromancer, wielding a +0 long sword of holy wrath (60% to hit)
The bolt of acid hits the deep elf pyromancer!
The acid corrodes the deep elf pyromancer!
The deep elf pyromancer is moderately wounded.
The deep elf pyromancer points at you and mumbles some strange words.
The sticky flame hits you!
You are covered in liquid flames!
You are covered in liquid flames!
* * * LOW HITPOINT WARNING * * *
The deep elf pyromancer hits you with a +0 long sword of holy wrath!
* * * LOW HITPOINT WARNING * * *
The deep elf pyromancer points at you and mumbles some strange words.
The sticky flame hits you!
You are covered in liquid flames!
You die...

▓▓▓▓▓▓▓ ▓▓▓ '.....♣
♣.############ #.....♣♣
♣♣.#___#___#__# #....♣.♣
♣..#!..#__)#._#
#....≈.♣♣♣..###'#'###)##
#...≈≈....♣.#..........#
#..≈≈≈≈♣.♣..'.⌠e@......#
#..≈≈≈≈≈≈♣♣.#...######+#
#.≈≈≈≈≈≈....#.⌠.#
#.≈≈≈≈≈.....#...#
#.≈≈≈.......#+###
#...........#
............#
▓▓▓▓▓▓▓▓▓▓▓▓▓


You could see a deep elf pyromancer (corroded).

Vanquished Creatures
  A necrophage (D)
  A water elemental (D)
  A necromancer (D)
  3 humans (D)
  A wolf (D)
  2 endoplasms (D)
  2 rats (D)
11 creatures vanquished.

Notes
Turn   | Place    | Note
-------+----------+-------------------------------------------
     0 | D        | boopmooplesden the Minotaur Berserker began the quest for
                  | the Orb.
     0 | D        | Reached XP level 1. HP: 19/19 MP: 0/0
    13 | D        | Reached ** piety under Trog
    43 | D        | Reached skill level 5 in Fighting
    43 | D        | Reached skill level 5 in Long Blades
    43 | D        | Reached XP level 2. HP: 29/29 MP: 1/1
    85 | D        | Reached XP level 3. HP: 24/37 MP: 2/2
   115 | D        | Gained mutation: You are frail. (-10% HP) [potion of
                  | mutation]
   115 | D        | Gained mutation: Your spells are a little harder to cast,
                  | but a little more powerful. [potion of mutation]
   115 | D        | Lost mutation: You are frail. (-10% HP) [potion of
                  | mutation]
   115 | D        | Gained mutation: Your spells are harder to cast, but more
                  | powerful. [potion of mutation]
   116 | D        | Lost mutation: Your spells are harder to cast, but more
                  | powerful. [potion of mutation]
   116 | D        | Lost mutation: Your spells are a little harder to cast, but
                  | a little more powerful. [potion of mutation]
   116 | D        | Gained mutation: You are partially covered in iridescent
                  | scales. (AC +2) [potion of mutation]
   116 | D        | Gained mutation: You are covered in fur. (AC +1) [potion of
                  | mutation]
   116 | D        | Gained mutation: You sometimes lose the ability to read
                  | scrolls when taking damage. [potion of mutation]
   116 | D        | Gained mutation: You have sharp toenails. [potion of
                  | mutation]
   117 | D        | Lost mutation: You are covered in fur. (AC +1) [potion of
                  | mutation]
   117 | D        | Lost mutation: You have sharp toenails. [potion of
                  | mutation]
   117 | D        | Gained mutation: You are mostly covered in iridescent
                  | scales. (AC +4) [potion of mutation]
   117 | D        | Gained mutation: Your movements are slightly less
                  | encumbered by armour. (ER -2) [potion of mutation]
   118 | D        | Lost mutation: You are mostly covered in iridescent scales.
                  | (AC +4) [potion of mutation]
   118 | D        | Lost mutation: You sometimes lose the ability to read
                  | scrolls when taking damage. [potion of mutation]
   118 | D        | Gained mutation: Your mind is acute. (Int +2) [potion of
                  | mutation]
   118 | D        | Gained mutation: You are weak. (Str -2) [potion of
                  | mutation]
   119 | D        | Lost mutation: You are weak. (Str -2) [potion of mutation]
   119 | D        | Lost mutation: Your mind is acute. (Int +2) [potion of
                  | mutation]
   119 | D        | Lost mutation: Your movements are slightly less encumbered
                  | by armour. (ER -2) [potion of mutation]
   119 | D        | Gained mutation: You are strong-willed. (Will+) [potion of
                  | mutation]
   119 | D        | Gained mutation: Your mind is acute. (Int +2) [potion of
                  | mutation]
   189 | D        | Noticed a water elemental
   193 | D        | Killed a water elemental
   193 | D        | Reached *** piety under Trog
   194 | D        | Reached XP level 4. HP: 47/47 MP: 3/3
   277 | D        | Found a basalt altar of Yredelemnul.
   277 | D        | Found a shadowy altar of Dithmenos.
   277 | D        | Found a sacrificial altar of Ru.
   277 | D        | Noticed a necrophage
   285 | D        | Killed a necrophage
   286 | D        | Reached XP level 5. HP: 57/57 MP: 4/4
   403 | D        | Found a hide-covered altar of Uskayaw.
   403 | D        | Found an iron altar of Okawaru.
   405 | D        | Found a bloodstained altar of Trog.
   405 | D        | Found an ornate altar of the Wu Jian Council.
   405 | D        | Noticed a human
   405 | D        | Noticed a human
   412 | D        | Killed a human
   413 | D        | Reached skill level 10 in Fighting
   413 | D        | Reached skill level 10 in Long Blades
   413 | D        | Reached skill level 5 in Armour
   413 | D        | Reached skill level 5 in Dodging
   413 | D        | Reached skill level 1 in Stealth
   413 | D        | Reached XP level 6. HP: 66/66 MP: 5/5
   415 | D        | Killed a human
   415 | D        | Reached **** piety under Trog
   460 | D        | Found a glowing silver altar of Zin.
   462 | D        | Found a glowing golden altar of the Shining One.
   462 | D        | Found a white marble altar of Elyvilon.
   462 | D        | Noticed a deep elf pyromancer
   469 | D        | Killed from afar by a deep elf pyromancer

Illustrated notes

Levels and vault maps discovered:
D:        dungeon_sprint_mu [sprint_mu_entry_forest, sprint_mu_temple_rooms,
          sprint_mu_d1_spiders, sprint_mu_d2_genie, sprint_mu_d3_branching,
          sprint_mu_orc_legion, sprint_mu_elf_gauntlet, sprint_mu_hive_nellie,
          sprint_mu_lair_fedhas, sprint_mu_vaults_butterflies,
          sprint_mu_slime_circle, sprint_mu_shoals_kraken,
          sprint_mu_snake_twists, sprint_mu_blade_basic,
          sprint_mu_crypt_chambers, sprint_mu_tomb_spiral,
          sprint_mu_vestibule_basic, sprint_mu_gehenna_hellfire,
          sprint_mu_dis_giant, sprint_mu_tartarus_statrot,
          sprint_mu_cocytus_islands, sprint_mu_zot1]

Skill      XL: |  1  2  3  4  5  6 |
---------------+-------------------+-----
Fighting       | 5 6 7 9 10 11 | 11.0
Long Blades    | 5 6 7 9 10 11 | 11.8
Armour         | 3 4 5 |  5.8
Dodging        | 3 4 5 |  5.9
Stealth        | 1 |  1.3

Action                   |  1- 3 |  4- 6 || total
-------------------------+-------+-------++-------
Melee: Falchion          |    18 |    17 ||    35
       Headbutt          |     1 |       ||     1
       Punch             |     1 |       ||     1
Invok: Berserk           |     2 |     3 ||     5
Evoke: Wand              |       |     2 ||     2
  Use: Potion            |     5 |       ||     5
Armor: Animal skin       |       |     2 ||     2
Dodge: Dodged            |    10 |     6 ||    16
